 Dungeon Crawl Stone Soup version 0.29-a0-719-g0fec994a2d (webtiles) character file.

Game seed: 4118821876863886841

851 1stPlace the Trooper (level 7, -1/63 HPs)
             Began as a Minotaur Berserker on June 26, 2022.
             Was a Believer of Trog.
             Slain by an iguana (14 damage)
             ... on level 5 of the Dungeon.
             The game lasted 00:05:11 (3676 turns).

1stPlace the Trooper (Minotaur Berserker)           Turns: 3676, Time: 00:05:12

Health: -1/63      AC:  3    Str: 28    XL:     7   Next: 69%
Magic:  6/6        EV: 13    Int:  6    God:    Trog [**....]
Gold:   210        SH:  0    Dex:  9    Spells: 6/6 levels left

rFire   . . .      SeeInvis .   a - +0 spear
rCold   . . .      Faith    .   (no shield)
rNeg    + . .      Spirit   .   h - +0 leather armour
rPois   .          Reflect  .   (helmet restricted)
rElec   .          Harm     .   (no cloak)
rCorr   .          Rampage  .   (no gloves)
Will    .....                   (no boots)
Stlth   +.........              (no amulet)
HPRegen 0.20/turn               e - +6 ring of strength
MPRegen 0.10/turn               g - ring of positive energy

@: on berserk cooldown
A: horns 2, retaliatory headbutt
a: Renounce Religion, Berserk, Trog's Hand


You were on level 5 of the Dungeon.
You worshipped Trog.
Trog was pleased with you.
You visited 1 branch of the dungeon, and saw 5 of its levels.

You collected 210 gold pieces.

Inventory:

Hand Weapons
 a - a +0 spear (weapon)
Armour
 b - a +0 animal skin
 h - a +0 leather armour (worn)
Jewellery
 e - a +6 ring of strength (left hand)
 g - a ring of positive energy (right hand)
Scrolls
 c - 5 scrolls of identify
 d - a scroll of enchant weapon
 f - a scroll of torment {unknown}
 j - a scroll of teleportation
 l - a scroll of fear
 m - a scroll of amnesia {unknown}
 p - a scroll of fog {unknown}
 q - a scroll of blinking {unknown}
Potions
 i - 2 potions of curing
 k - a potion of haste
 n - a potion of attraction {unknown}
 o - a potion of degeneration {unknown}


   Skills:
 + Level 6.3 Fighting
 + Level 6.3 Polearms
 + Level 5.7 Armour
 + Level 5.2 Dodging


You had 6 spell levels left.
You didn't know any spells.
Your spell library was empty.

Dungeon Overview and Level Annotations

Branches:
Dungeon (5/15)
 Temple: D:4-7

Altars:
Dithmenos
Qazlal
Sif Muna
The Shining One


Innate Abilities, Weirdness & Mutations

You have a pair of horns on your head.
You reflexively headbutt those who attack you in melee.


Message History

Trog accepts your kill.
A red film seems to cover your vision as you go berserk!
You feel yourself moving faster!
You feel mighty! The ogre closely misses you.
You closely miss the ogre. Your headbutt misses the ogre.
The ogre is moderately wounded.
You hit the ogre.
The ogre is moderately wounded.
The ogre hits you with a +0 giant spiked club.
You puncture the ogre! Your headbutt misses the ogre.
The ogre is heavily wounded.
You barely miss the ogre.
The ogre is heavily wounded.
You puncture the ogre!
The ogre is almost dead.
The ogre hits you with a +0 giant spiked club!!
* * * LOW HITPOINT WARNING * * *
You barely miss the ogre. You headbutt the ogre.
You kill the ogre!
Trog accepts your kill.
You see here a +0 giant spiked club.
You feel a strong urge to attack something.
You now have 210 gold pieces (gained 14).
You see here a +0 giant spiked club.
You feel your anger nearly subside.
You are no longer berserk.
You are exhausted.
You feel yourself slow down.
There is a stone staircase leading up here.
You start resting.
An iguana comes into view.
An iguana is nearby!
An iguana is nearby!
The iguana hisses angrily.
You climb upwards.
There is a stone staircase leading down here.
You climb downwards.
You feel yourself speed up. The iguana misses you. The iguana bites you!
* * * LOW HITPOINT WARNING * * *
The iguana bites you!
You die...

#####
########@#.#######
.....:.l.#........
########.))†......
#.#.###...# #.#.#
#.# #.#.# # #.#.#
#.#.# #.#..


You could see an iguana.

Vanquished Creatures
  Grinder (D:4)
  The ghost of soberaf the Chopper, an amateur NaBe of Trog (D:4)
  An ogre (D:5)
  A centaur (D:5)
  A phantom (D:5)
  A howler monkey (D:5)
  A hound (D:4)
  Jessica (D:2)
  An orc wizard (D:4)
  7 adders
  A worm (D:2)
  2 dart slugs
  6 orcs
  7 bats
  8 endoplasms
  A giant cockroach (D:2)
  5 goblins
  2 hobgoblins (D:1)
  4 jackals (D:1)
  10 kobolds
  6 ball pythons
  A frilled lizard (D:1)
  5 rats
74 creatures vanquished.

Vanquished Creatures (collateral kills)
  An orc (D:4)
1 creature vanquished.

Vanquished Creatures (others)
  A demonic plant (D:2)
  2 plants (D:1)
3 creatures vanquished.

Grand Total: 78 creatures vanquished

Notes
Turn   | Place    | Note
-------+----------+-------------------------------------------
     0 | D:1      | 1stPlace the Minotaur Berserker began the quest for the
                  | Orb.
     0 | D:1      | Reached XP level 1. HP: 19/19 MP: 0/0
   201 | D:1      | Reached XP level 2. HP: 27/27 MP: 1/1
   564 | D:1      | Reached ** piety under Trog
  1003 | D:2      | Reached XP level 3. HP: 33/33 MP: 2/2
  1208 | D:2      | Noticed Jessica
  1217 | D:2      | Killed Jessica
  1501 | D:2      | Found a faded altar of an unknown god.
  1506 | D:2      | Reached XP level 4. HP: 40/40 MP: 3/3
  1856 | D:3      | Found a stormy altar of Qazlal.
  2509 | D:3      | Found a shadowy altar of Dithmenos.
  2520 | D:3      | Found a shimmering blue altar of Sif Muna.
  2619 | D:4      | Found a runed translucent door.
  2619 | D:4      | Noticed soberaf's ghost (amateur NaBe)
  2628 | D:4      | Killed soberaf's ghost
  2629 | D:4      | Reached skill level 5 in Fighting
  2629 | D:4      | Reached skill level 5 in Polearms
  2629 | D:4      | Reached XP level 5. HP: 48/48 MP: 4/4
  2639 | D:4      | Noticed Grinder
  2643 | D:4      | Paralysed by Grinder for 3 turns
  2654 | D:4      | Reached XP level 6. HP: 38/56 MP: 5/5
  2666 | D:4      | Killed Grinder
  2939 | D:4      | Reached skill level 5 in Armour
  2939 | D:4      | Reached XP level 7. HP: 37/62 MP: 6/6
  3162 | D:4      | Found a glowing golden altar of the Shining One.
  3612 | D:5      | Entered Level 5 of the Dungeon
  3636 | D:5      | Reached skill level 5 in Dodging
  3676 | D:5      | Slain by an iguana

Illustrated notes

Levels and vault maps discovered:
D:1:      dpeg_arrival_rhombus, layout_basic, serial_bayou_pond_c,
          hangedman_decor_push, patterned_corridor
D:2:      layout_loops_cross, dreamdust_ecumenical_altar_sealed_demon,
          uniq_jessica
D:3:      layout_rooms, amcnicky_altar_gilded, nicolae_overflow_squiral,
          grunt_decor_junction, minmay_quadrilaterals
D:4:      layout_cave_pools, tso_metal_star, nicolae_ossuary_entry_ruins,
          ebering_ghost_sewer_d, uniq_grinder
D:5:      old_forge, layout_basic, temple_fountains

Skill      XL: |  1  2  3  4  5  6  7 |
---------------+----------------------+-----
Fighting       | 4 5 6 |  6.3
Polearms       | 4 5 6 |  6.3
Armour         | 3 4 5 |  5.7
Dodging        | 3 4 5 |  5.2

Action                   |  1- 3 |  4- 6 |  7- 9 || total
-------------------------+-------+-------+-------++-------
Melee: Spear             |    73 |    84 |    50 ||   207
       Headbutt          |    10 |    10 |     9 ||    29
       Punch             |     2 |     1 |       ||     3
Invok: Berserk           |     1 |     2 |     1 ||     4
       Trog's Hand       |       |     3 |       ||     3
  Use: Potion            |     2 |     1 |       ||     3
       Scroll            |       |     5 |     1 ||     6
 Stab: Sleeping          |     1 |       |       ||     1
Armor: Animal skin       |     3 |       |       ||     3
       Leather armour    |     4 |    13 |     7 ||    24
Dodge: Dodged            |    24 |    42 |    21 ||    87

Table legend: (Time is in decaauts)
 A = Elapsed time spent in this place.
 B = Non-inter-level travel time spent in this place.
 C = Inter-level travel time spent in this place.
 D = Time resting spent in this place.
 E = Time spent auto-exploring this place.
 F = Levels seen in this place.
 G = Mean time per level.
                   A        B        C        D        E       F      G
               +--------+--------+--------+--------+--------+-----+--------+
         Total |   3681 |   3531 |    150 |     57 |   2854 |   5 |  736.2 |
       Dungeon |   3681 |   3531 |    150 |     57 |   2854 |   5 |  736.2 |
               +--------+--------+--------+--------+--------+-----+--------+

Top non-repeatable levels by time:
     D:4: 973 daAuts
     D:1: 908 daAuts
     D:2: 905 daAuts
     D:3: 832 daAuts
     D:5: 61 daAuts
